 Dungeon Crawl Stone Soup version 0.25-a0-510-ge065f6de7d (webtiles) character file.

Game seed: 17032822746812698573, levelgen mode: classic

1118 EnegeticOcto the Chopper (level 8, 0/73 HPs)
             Began as a Deep Dwarf Fighter on Feb 15, 2020.
             Killed from afar by Maggie (18 damage)
             ... with a bolt of fire
             ... on level 6 of the Dungeon.
             The game lasted 00:01:52 (2975 turns).

EnegeticOcto the Chopper (Deep Dwarf Fighter)       Turns: 2975, Time: 00:01:52

Health: 0/73       AC:  5    Str: 23    XL:     8   Next: 12%
Magic:  5/5        EV:  8    Int:  8    God:
Gold:   203        SH: 10    Dex: 12    Spells: 7/7 levels left

rFire    . . .     SeeInvis .   a - +0 war axe
rCold    . . .     Gourm    .   c - +0 kite shield
rNeg     . . .     Faith    .   w - +0 chain mail
rPois    .         Spirit   .   (no helmet)
rElec    .         Reflect  .   q - +0 cloak
rCorr    .         Harm     .   t - +0 pair of gloves
MR       +....                  k - +0 pair of boots
Stlth    ..........             (no amulet)
HPRegen  0.00/turn              (no ring)
MPRegen  0.09/turn              (no ring)

@: lethally poisoned (0 -> 0), corroded, mesmerised, non-regenerating
A: damage resistance, heal wounds, sense surroundings 1, no regeneration
a: Heal Wounds


You were on level 6 of the Dungeon.
You were not hungry.

You visited 1 branch of the dungeon, and saw 6 of its levels.

You collected 203 gold pieces.

Inventory:

Hand Weapons
 a - a +0 war axe (weapon)
Armour
 b - a +0 scale mail
 c - a +0 kite shield (worn)
 k - a +0 pair of boots (worn)
 q - a +0 cloak (worn)
 t - a +0 pair of gloves (worn)
 w - a +0 chain mail (worn)
Jewellery
 u - a +3 amulet of reflection
 z - a cursed ring of attention {unknown}
Wands
 v - a wand of digging (6) {@V2}
Scrolls
 f - a scroll of enchant armour {unknown}
 g - 3 scrolls of teleportation {unknown}
 l - a scroll of magic mapping {unknown}
 n - a scroll of identify {unknown}
 o - 5 scrolls of remove curse {unknown}
 y - a scroll of fog {unknown}
Potions
 d - 2 potions of might {@q3}
 h - a potion of curing {@q1}
 i - 2 potions of degeneration {unknown}
 j - 2 potions of mutation {unknown}
 m - 2 potions of agility {@q5}
 p - 2 potions of cancellation {unknown}
 r - a potion of lignification {unknown}
 s - 2 potions of berserk rage {unknown}
Comestibles
 e - 7 rations
 x - 2 chunks of flesh


   Skills:
 + Level 4.4 Fighting
 * Level 6.4 Axes
 + Level 5.3 Armour
 + Level 3.9 Dodging
 + Level 5.3 Shields


You had 7 spell levels left.
You didn't know any spells.
Your spell library was empty.

Dungeon Overview and Level Annotations

Branches:
Dungeon (6/15)
 Temple: D:4-7

Altars:
Qazlal
Zin

Annotations:
D:6 Maggie


Innate Abilities, Weirdness & Mutations

You are resistant to damage.
You can heal yourself by infusing magical energy.
You passively map a small area around you.
You do not regenerate.


Message History

You are more poisoned.
You feel much better. Maggie closely misses you.
You barely miss Maggie.
Maggie is lightly wounded.
Maggie mumbles some strange words.
Maggie draws you further into her thrall.
You barely miss Maggie.
Maggie is lightly wounded.
Maggie zaps a wand.
The bolt of acid hits you!
You are splashed with acid!
You hit Maggie but do no damage.
Maggie is lightly wounded.
Maggie barely misses you.
You slice Maggie!!
Maggie is heavily wounded.
Maggie completely misses you.
You slash Maggie!
Maggie is heavily wounded.
Maggie zaps a wand.
The bolt of acid hits you! The acid corrodes you!
You are splashed with acid!
* * * LOW HITPOINT WARNING * * *
You are too injured to fight recklessly!
You are too injured to fight recklessly!
You are too injured to fight recklessly!
You are too injured to fight recklessly!
You are too injured to fight recklessly!
You are too injured to fight recklessly!
You are too injured to fight recklessly!
You are too injured to fight recklessly!
You feel much better.
Maggie mumbles some strange words.
Maggie draws you further into her thrall.
You feel much better. Maggie gestures at you while chanting.
The bolt of fire hits you!
You hit Maggie.
Maggie is severely wounded.
Maggie casts a spell at you. The bolt of fire misses you.
You hit Maggie.
Maggie is severely wounded.
Maggie gestures at you while chanting. The bolt of fire hits you!!
You block Maggie's attack.
You hit Maggie but do no damage.
Maggie is severely wounded.
You closely miss Maggie.
Maggie is severely wounded.
You block Maggie's attack.
You hit Maggie but do no damage.
Maggie is severely wounded.
Maggie barely misses you.
You closely miss Maggie.
Maggie is severely wounded.
Maggie casts a spell at you. The bolt of fire hits you!!
* * * LOW HITPOINT WARNING * * *
You are too injured to fight recklessly!
You are too injured to fight recklessly!
You are too injured to fight recklessly!
You are too injured to fight recklessly!
You are too injured to fight recklessly!
You are too injured to fight recklessly!
You feel much better.
Maggie hits you with a +0 glaive of venom!
* * * LOW HITPOINT WARNING * * *
You feel much better. Maggie closely misses you.
You feel much better. Maggie gestures at you while chanting.
The bolt of fire hits you!
You feel much better. You block Maggie's attack.
You feel much better.
You break out of your daze.
Your health is already full.
Your health is already full.
Your health is already full.
Your health is already full.
You barely miss Maggie.
Maggie is severely wounded.
You block Maggie's attack.
You slash Maggie!
Maggie is almost dead.
Maggie casts a spell.
Maggie attempts to bespell you! You resist with almost no effort.
Maggie points at you and mumbles some strange words.
The bolt of fire hits you!
You closely miss Maggie.
Maggie is almost dead.
Maggie gestures wildly while chanting.
Maggie attempts to bespell you!
You are mesmerised by Maggie!
Your chain mail prevents you from hitting Maggie.
Maggie is almost dead.
Maggie zaps a wand.
The bolt of acid hits you!
You are splashed with acid!
You hit Maggie but do no damage.
Maggie is almost dead.
Maggie points at you and mumbles some strange words.
The bolt of fire hits you!!
* * * LOW HITPOINT WARNING * * *
Maggie points at you and mumbles some strange words.
The bolt of fire hits you!!
You die...

,#.### #......... ,
#...#####.........
*,,###.##............
, #....#............
#.####.....######.
######'########## #.
#.........# #.
#.........# #.
#.....@...# #.
#....@....# #.
#.........# #.
#.........# #.
######.#### #. #.# #.
#.# #. #.. ,, #. *#.


You could see Maggie.

Vanquished Creatures
  A water moccasin (D:6)
  An orc warrior (D:6)
  A sky beast (D:6)
  3 centaurs (D:5)
  A bullfrog (D:6)
  A howler monkey (D:5)
  A crimson imp (D:5)
  A jelly (D:3)
  A bullfrog skeleton (D:5)
  An orc priest (D:6)
  2 hounds
  Terence (D:3)
  Ijyb (D:5)
  2 orc wizards
  4 worker ants
  6 adders
  An adder skeleton (D:4)
  A worm (D:4)
  3 leopard geckos
  6 orcs
  A bat (D:3)
  A giant cockroach (D:3)
  4 hobgoblins
  4 jackals
  4 kobolds
  2 quokkas
  A ball python (D:4)
  3 frilled lizards
  4 goblins
  2 leopard gecko zombies
  A quokka skeleton (D:5)
66 creatures vanquished.

Notes
Turn   | Place    | Note
-------+----------+-------------------------------------------
     0 | D:1      | EnegeticOcto the Deep Dwarf Fighter began the quest for the
                  | Orb.
     0 | D:1      | Reached XP level 1. HP: 20/20 MP: 1/1
    80 | D:2      | Reached XP level 2. HP: 21/27 MP: 2/2
   236 | D:3      | Noticed Terence
   244 | D:3      | Killed Terence
   244 | D:3      | Reached skill level 3 in Axes
   244 | D:3      | Reached skill level 1 in Dodging
   244 | D:3      | Reached XP level 3. HP: 24/34 MP: 3/3
   322 | D:3      | Reached XP level 4. HP: 24/42 MP: 4/4
   743 | D:4      | Found a glowing silver altar of Zin.
   763 | D:4      | Reached XP level 5. HP: 35/49 MP: 5/5
  1043 | D:5      | Entered Level 5 of the Dungeon
  1689 | D:4      | Reached skill level 4 in Axes
  1817 | D:5      | Noticed a centaur
  1829 | D:5      | Killed a centaur
  1829 | D:5      | Reached XP level 6. HP: 35/56 MP: 5/5
  2087 | D:5      | Reached skill level 5 in Axes
  2091 | D:5      | Reached XP level 7. HP: 34/63 MP: 6/6
  2142 | D:5      | Noticed Ijyb
  2150 | D:5      | Killed Ijyb
  2552 | D:5      | Identified the cursed +1 ring mail of Monotheism {MR+ rCorr
                  | Str-5}
  2673 | D:6      | Reached skill level 5 in Shields
  2683 | D:6      | Reached skill level 6 in Axes
  2683 | D:6      | Reached skill level 5 in Armour
  2735 | D:6      | Reached XP level 8. HP: 73/73 MP: 6/6
  2819 | D:6      | Found a stormy altar of Qazlal.
  2940 | D:6      | Noticed Maggie
  2975 | D:6      | Killed from afar by Maggie

Levels and vault maps discovered:
D:1:      denvon_arrival_hothouse, layout_basic
D:2:      layout_basic, first_ration, serial_bayou_pond_c
D:3:      layout_loops_corners, kennysheep_potato, uniq_terence
D:4:      layout_basic, zin_statuary
D:5:      layout_layer_cave, uniq_ijyb
D:6:      layout_basic, overflow_temple_1_default, uniq_maggie

Skill      XL: |  1  2  3  4  5  6  7 |
---------------+----------------------+-----
Fighting       | 3 4 |  4.4
Axes           | 3 4 5 6 |  6.4
Dodging        | 1 2 3 |  3.9
Shields        | 4 5 |  5.3
Armour         | 4 5 |  5.3

Action                   |  1- 3 |  4- 6 |  7- 9 || total
-------------------------+-------+-------+-------++-------
Melee: War axe           |    46 |   155 |   109 ||   310
 Abil: Heal Wounds       |       |     3 |    14 ||    17
  Eat: Chunk             |       |     4 |     3 ||     7
Armor: Scale mail        |    20 |    85 |    13 ||   118
       Chain mail        |       |       |    26 ||    26
Dodge: Dodged            |    18 |    66 |    30 ||   114
Block: Kite shield       |    28 |    98 |    54 ||   180

Table legend:
 A = Non-vault XP
 B = Vault XP
 C = Vault XP percentage of total XP
 D = Non-vault monster count
 E = Vault monster count
 F = Vault count percentage of total count
                 A         B        C        D         E       F
            +---------+---------+-------+---------+---------+-------
      Total |    1527 |      71 |   4.4 |      64 |       2 |   3.0
            +---------+---------+-------+---------+---------+-------
        D:1 |       1 |       0 |   0.0 |       1 |       0 |   0.0
        D:2 |      23 |       0 |   0.0 |       6 |       0 |   0.0
        D:3 |      71 |      36 |  33.6 |      16 |       1 |   5.9
        D:4 |     166 |       0 |   0.0 |      12 |       0 |   0.0
        D:5 |     636 |      35 |   5.2 |      19 |       1 |   5.0
        D:6 |     630 |       0 |   0.0 |      10 |       0 |   0.0
            +---------+---------+-------+---------+---------+-------
